 Dungeon Crawl Stone Soup version 0.24-a0-130-ga3c21ff (webtiles) character file.

Game seed: 0

150435 Inarius the Cloud Mage (level 18, 0/94 HPs)
             Began as a Kobold Air Elementalist on Feb 26, 2019.
             Was a High Priest of Vehumet.
             Slain by a tentacle (10 damage)
             ... attached to a kraken
             ... on level 3 of the Shoals.
             The game lasted 02:28:51 (54453 turns).

Inarius the Cloud Mage (Kobold Air Elementalist)   Turns: 54453, Time: 02:28:54

Health: 0/94       AC: 19    Str:  5    XL:     18   Next: 16%
Magic:  0/43       EV: 14    Int: 30    God:    Vehumet [*****.]
Gold:   1694       SH: 10    Dex: 24    Spells: 6/41 levels left

rFire    + . .     SeeInvis .   Y - +1 dagger "Woshram" {flame, Int+7}
rCold    . . .     Gourm    .   y - +0 shield
rNeg     + . .     Faith    .   j - +4 ring mail of the Nexus {rPois Dex+7}
rPois    +         Spirit   +   V - +1 helmet
rElec    .         Reflect  .   J - +2 cloak "Cowkymp" {*Corrode rF+ rN+}
rCorr    .         Harm     .   r - +0 pair of gloves
MR       ++...                  x - +1 pair of boots
Stlth    ++........             E - amulet of guardian spirit
HPRegen  0.25/turn              a - ring of protection from magic
MPRegen  0.28/turn              M - ring of magical power

@: very slow
A: small, carnivore
a: Renounce Religion


You were on level 3 of the Shoals.
You worshipped Vehumet.
Vehumet was extremely pleased with you.
You were very full.

You visited 6 branches of the dungeon, and saw 29 of its levels.
You visited the Abyss 2 times.
You also visited: Bailey.

You collected 3139 gold pieces.
You spent 1445 gold pieces at shops.

Inventory:

Hand Weapons
 Y - the +1 dagger "Woshram" (weapon) {flame, Int+7}
   (You found it on level 2 of the Lair of Beasts)

   It has been specially enchanted to burn those struck by it, causing extra
   injury to most foes and up to half again as much damage against particularly
   susceptible opponents.
   It affects your intelligence (+7).
Armour
 j - the +4 ring mail of the Nexus (worn) {rPois Dex+7}
   (You acquired it on level 13 of the Dungeon)

   It affects your dexterity (+7).
   It protects you from poison.
 r - a +0 pair of gloves (worn)
 x - a +1 pair of boots (worn)
 y - a +0 shield (worn)
 A - a +3 leather armour
 J - the +2 cloak "Cowkymp" (worn) {*Corrode rF+ rN+}
   (You found it on level 15 of the Dungeon)

   It protects you from fire.
   It protects you from negative energy.
   It may corrode you when you take damage.
 R - a +0 leather armour of cold resistance
 V - a +1 helmet (worn)
Jewellery
 a - a ring of protection from magic (left hand)
 f - an uncursed ring of protection from fire
 C - an uncursed ring of protection from fire
 E - an amulet of guardian spirit (around neck)
 G - an uncursed ring of resist corrosion
 M - a ring of magical power (right hand)
 S - a +4 ring of protection
 T - an uncursed ring of wizardry
Wands
 D - a wand of flame (49)
 H - a wand of iceblast (6)
 N - a wand of paralysis (18)
 U - a wand of scattershot (1)
Scrolls
 d - 9 scrolls of immolation
 e - 2 scrolls of fog
 g - 5 scrolls of teleportation
 o - 11 scrolls of remove curse
 z - 2 scrolls of holy word
 F - 2 scrolls of fear
 I - 4 scrolls of magic mapping
 K - a scroll of amnesia
 W - 5 scrolls of enchant armour
 Z - 2 scrolls of brand weapon {unknown}
Potions
 b - 2 potions of lignification {unknown}
 i - 2 potions of invisibility
 k - 3 potions of ambrosia
 l - 8 potions of cancellation
 m - 3 potions of flight
 n - a potion of agility
 p - 4 potions of magic
 s - 4 potions of resistance
 t - 3 potions of berserk rage
 u - 6 potions of mutation
 v - 3 potions of brilliance
 w - 2 potions of degeneration {unknown}
 B - 4 potions of haste
 L - 11 potions of heal wounds
 O - 4 potions of might {unknown}
 X - 7 potions of curing
Miscellaneous
 h - 2 sacks of spiders
 Q - a phantom mirror
Comestibles
 c - 68 rations


   Skills:
 + Level 4.0 Fighting
 + Level 5.4 Short Blades
 + Level 5.4 Armour
 + Level 8.4 Dodging
 + Level 5.7 Stealth
 + Level 4.7 Shields
 - Level 12.0 Spellcasting
 * Level 12.0 Conjurations
 + Level 1.1 Summonings
 + Level 0.2 Necromancy
 * Level 21.2 Air Magic
 + Level 1.7 Evocations


You had 6 spell levels left.
You knew the following spells:

 Your Spells              Type           Power        Failure   Level  Hunger
a - Conjure Ball Lightni  Conj/Air       #######...   2%          6    ####...
b - Swiftness             Chrm/Air       ######..     1%          2    None
c - Static Discharge      Conj/Air       #######.     1%          3    None
d - Airstrike             Air            #######...   1%          4    None
e - Lightning Bolt        Conj/Air       #######...   1%          5    ##.....
f - Bolt of Fire          Conj/Fire      ######....   82%         6    ####...
g - Bolt of Draining      Conj/Necr      ######....   28%         5    ##.....
h - Summon Lightning Spi  Summ/Air       ######..     5%          4    None

Your spell library contained the following spells:

 Spells                   Type           Power        Failure   Level  Hunger
 Magic Dart               Conj           ####         1%          1    None
 Shock                    Conj/Air       ####         1%          1    None
 Sting                    Conj/Pois      ####         1%          1    None
 Poisonous Vapours        Pois/Air       ######       1%          2    None
 Mephitic Cloud           Conj/Pois/Air  ######..     1%          3    None
 Conjure Flame            Conj/Fire      ######..     3%          3    None
 Venom Bolt               Conj/Pois      ######....   30%         5    ##.....
 Summon Small Mammal      Summ           ###.         32%         1    None
 Animate Skeleton         Necr           N/A          43%         1    None
 Apportation              Tloc           ###...       45%         1    None
 Confusing Touch          Hex            ###...       45%         1    None
 Call Imp                 Summ           ###.....     45%         2    None
 Corpse Rot               Necr           N/A          56%         2    None
 Sublimation of Blood     Necr           ###.......   56%         2    None
 Blink                    Tloc           N/A          61%         2    None
 Slow                     Hex            ###.....     61%         2    None
 Call Canine Familiar     Summ           ###.....     69%         3    None
 Olgreb's Toxic Radiance  Pois           ###.....     75%         4    None
 Summon Guardian Golem    Hex/Summ       ###.....     77%         3    None
 Confuse                  Hex            ###.....     83%         3    None
 Gell's Gravitas          Tloc           ###.......   83%         3    None
 Yara's Violent Unravell  Hex/Tmut       ###.......   96%         5    ##.....
 Petrify                  Tmut/Erth      ###.....     99%         4    None
 Summon Ice Beast         Ice/Summ       ###.....     99%         4    None
 Agony                    Necr           ###.....     100%        5    ##.....
 Dispel Undead            Necr           ###.....     100%        5    ##.....
 Excruciating Wounds      Chrm/Necr      ###.......   100%        5    ##.....
 Metabolic Englaciation   Hex/Ice        ###.......   100%        5    ##.....


Dungeon Overview and Level Annotations

Branches:
Dungeon (15/15)            Temple (1/1) D:4            Lair (6/6) D:10
 Shoals (3/4) Lair:3       Spider (2/4) Lair:3        Slime (0/5) Lair:5
    Orc (2/2) D:9             Elf (0/3) Orc:2        Vaults (0/5) D:13
 Depths (0/5) D:15

Altars:
Ashenzari
Cheibriados
Dithmenos
Elyvilon
Fedhas
Gozag
Hepliaklqana
Kikubaaqudgha
Makhleb
Nemelex Xobeh
Okawaru
Qazlal
Ru
Sif Muna
Trog
Uskayaw
Vehumet
Wu Jian
Xom
Yredelemnul
Zin
The Shining One
Beogh

Shops:
D:5 [*:[   D:13 :   Orc:2 *%}!

Annotations:
D:7 1 runed translucent door, arkorax's ghost, novice HOWn


Innate Abilities, Weirdness & Mutations

You are small and have problems with some larger weapons.
You are carnivorous and can eat meat at any time.


Message History

The tentacle barely misses you.
A tentacle segment bursts forth from the water. x2
You block the tentacle's attack.
The kraken squirts a massive cloud of ink into the water!
The tentacle slaps you but does no damage. x2
The tentacle slaps you!
* * * LOW HITPOINT WARNING * * *
Unknown command.
Unknown command.
Unknown command.
Unknown command.
Unknown command.
As you read the scroll of fear, it crumbles to dust.
You assume a fearsome visage.
The tentacle is unaffected. x3
The kraken resists with some effort.
The tentacle segment is unaffected.
The tentacle is unaffected.
The tentacle closely misses you. The tentacle slaps you.
* * * LOW HITPOINT WARNING * * *
The tentacle slaps you!
You die...

≈≈≈ ≈≈≈≈≈≈≈≈≈≈≈≈≈≈≈≈≈≈≈≈≈≈≈≈
≈≈≈≈≈≈≈≈ ≈≈≈≈≈≈≈≈≈≈≈≈≈≈≈≈≈≈≈≈≈≈≈≈
≈≈≈≈≈≈≈≈ ≈≈≈≈≈≈≈≈≈≈≈≈≈≈≈≈≈≈≈≈≈≈≈≈
≈≈≈≈≈≈≈≈ ≈≈≈≈≈≈≈≈≈≈≈≈≈≈≈≈≈≈≈≈≈≈≈≈
≈≈≈≈≈≈≈≈
≈≈≈≈≈≈≈≈≈≈≈≈≈≈≈§≈≈≈≈≈≈≈≈≈≈≈≈≈≈≈≈≈
≈≈≈P≈≈≈≈≈≈≈≈≈≈≈§§§X≈≈≈≈≈≈≈≈≈≈≈≈≈≈
≈P...P≈≈≈≈≈≈≈≈≈www§≈P≈≈≈≈≈≈≈≈≈≈≈.
P.^.P.≈≈≈≈≈≈≈≈§§@w§≈P≈≈≈≈≈≈≈≈≈≈≈÷
≈.###P≈≈≈≈≈≈≈≈§§PP§P≈≈≈≈≈≈≈≈≈≈≈..
.P###P≈≈≈≈≈≈≈≈§§§≈≈*≈≈≈≈≈≈≈≈≈≈...
.....P≈≈≈≈≈≈≈≈...P≈.P≈≈≈≈≈≈≈≈≈...
.P.....≈≈≈≈≈≈≈....P.P≈≈≈≈≈≈≈≈≈...
.###.P..≈≈≈≈≈...##P...≈≈≈≈≈≈≈...≈
## ##........<..)#....≈≈≈≈≈≈....≈
##......../...≈≈...≈≈≈≈≈≈.....
#.........).).≈≈P...≈≈P.......


You could see a kraken and 4 tentacles.

Vanquished Creatures
  Agnes (Spider:1)
  An orc warlord (Orc:1)
  An entropy weaver (Spider:1)
  A merfolk javelineer (Shoals:2)
  2 merfolk impalers (Shoals:2)
  Josephine (D:10)
  Erolcha (Orc:2)
  A great orb of eyes (D:13)
  A rakshasa (D:14)
  11 hydras
  4 vault guards
  A merfolk avatar (Shoals:2)
  2 merfolk aquamancers (Shoals:1)
  2 centaur warriors (D:13)
  5 two-headed ogres
  2 tengu warriors
  4 death yaks
  3 orc high priests (Orc:2)
  Sonja (Lair:6)
  Nergalle (D:11)
  A fire crab (Lair:4)
  5 unseen horrors
  2 sea snakes (Shoals:1)
  Pikel (D:8)
  6 orc knights
  A wizard (D:15)
  2 lindwurms (Lair:5)
  9 orb spiders
  7 ugly things
  3 harpies (Shoals:3)
  2 cyclopes
  An oklob plant (Shoals:2)
  3 deep elf magi
  5 wolf spiders
  6 fauns
  5 orc sorcerers
  A large abomination (Abyss:3)
  Maurice (D:8)
  6 manticores
  Joseph (D:8)
  7 black mambas
  13 elephants
  4 merfolk sirens
  A gargoyle (D:13)
  2 water nymphs (Shoals:1)
  12 spiny frogs
  2 centaur skeletons (D:13)
  5 centaur zombies
  An orange demon (Abyss:1)
  A torpor snail (Spider:2)
  3 rime drakes
  4 kobold demonologists
  2 demonic crawlers
  9 trolls
  6 komodo dragons
  An ancient zyme (Abyss:3)
  A queen bee (Lair:5)
  3 meliai (Lair:5)
  19 merfolk
  2 tengu conjurers
  20 jumping spiders
  7 polar bears
  2 snapping turtles
  10 slime creatures
  14 blink frogs
  5 hornets
  14 hippogriffs
  3 wind drakes
  6 dream sheep
  A centaur simulacrum (D:13)
  7 water elementals
  14 spriggans (Lair:6)
  7 tarantellas
  8 wyverns
  35 redbacks
  7 wraiths (D:10)
  3 shadows
  41 yaks
  7 basilisks
  A vampire (D:13)
  2 humans (D:7)
  2 hungry ghosts (D:12)
  3 vampire mosquitoes (D:12)
  Edmund (D:5)
  4 acid dragons
  12 water moccasins
  3 wargs
  A soldier ant (D:14)
  8 porcupines
  38 orc warriors
  5 phantoms
  3 sky beasts
  A slave (D:8)
  2 eyes of draining
  5 black bears
  2 necrophages
  An ice beast (D:11)
  15 ogres
  32 wolves
  4 boggarts (Lair:6)
  13 centaurs
  13 crocodiles
  24 bullfrogs
  7 big kobolds
  A water moccasin zombie (D:9)
  A wyvern zombie (D:13)
  3 scorpions
  45 killer bees
  15 wights
  2 howler monkeys
  8 crimson imps
  2 bullfrog zombies (D:9)
  11 jellies
  12 hounds
  19 orc priests
  4 bullfrog skeletons
  2 iguanas
  23 orc wizards
  3 hell rats
  9 worker ants
  A killer bee zombie (D:7)
  Robin (D:2)
  A howler monkey zombie (D:10)
  8 gnolls
  11 adders
  3 shadow imps
  5 oozes (D:9)
  2 adder skeletons
  2 worms (D:2)
  5 leopard geckos
  85 orcs
  4 ball pythons
  3 giant cockroaches
  16 goblins
  8 hobgoblins
  11 jackals
  12 quokkas
  A ball python skeleton (D:4)
  7 bats
  4 frilled lizards
  36 kobolds
  A quokka zombie (D:9)
  4 rats
  3 fungi
  6 plants
1025 creatures vanquished.

Vanquished Creatures (collateral kills)
  A merfolk aquamancer (Shoals:2)
  A two-headed ogre (D:14)
  A sea snake (Lair:3)
  A wizard (D:15)
  An ugly thing (D:15)
  A deep elf mage (D:15)
  A manticore (Lair:3)
  2 fauns (Shoals:1)
  7 wolf spiders
  A torpor snail (Spider:2)
  A merfolk siren (Shoals:1)
  5 demonic crawlers
  A komodo dragon (D:14)
  2 merfolk (Shoals:1)
  2 jumping spiders (Spider:2)
  A hippogriff (Shoals:2)
  A slime creature (D:14)
  A snapping turtle (Shoals:1)
  2 water elementals
  A yak (D:14)
  A shadow imp (D:13)
  2 plants (Shoals:1)
37 creatures vanquished.

Vanquished Creatures (others)
  3 slaves (D:8)
  A wight (D:8)
  A gnoll shaman (Orc:1)
  A worker ant (D:8)
  36 fungi
  41 plants
  13 tentacles (Shoals:3)
96 creatures vanquished.

Grand Total: 1158 creatures vanquished

Notes
Turn   | Place    | Note
-------+----------+-------------------------------------------
     0 | D:1      | Inarius the Kobold Air Elementalist began the quest for the
                  | Orb.
     0 | D:1      | Reached XP level 1. HP: 10/10 MP: 3/3
   412 | D:1      | Reached XP level 2. HP: 15/15 MP: 1/5
   460 | D:1      | Learned a level 2 spell: Swiftness
  1135 | D:2      | Reached XP level 3. HP: 19/19 MP: 3/6
  1296 | D:2      | Learned a level 3 spell: Static Discharge
  1641 | D:2      | Noticed Robin
  2128 | D:2      | Found a shimmering altar of Xom.
  2551 | D:3      | Reached XP level 4. HP: 23/24 MP: 2/8
  2853 | D:2      | Found a radiant altar of Vehumet.
  2857 | D:2      | Found a bloodstained altar of Trog.
  3002 | D:2      | Killed Robin
  3029 | D:2      | Reached skill level 4 in Air Magic
  3578 | D:3      | Reached XP level 5. HP: 23/28 MP: 3/9
  4088 | D:3      | Noticed a phantom
  4139 | D:3      | Killed a phantom
  4139 | D:3      | Reached XP level 6. HP: 22/33 MP: 0/12
  4310 | D:3      | Learned a level 4 spell: Airstrike
  4717 | D:4      | Reached skill level 5 in Air Magic
  4717 | D:4      | Reached XP level 7. HP: 37/37 MP: 5/13
  5686 | D:4      | Found a staircase to the Ecumenical Temple.
  5692 | Temple   | Entered the Ecumenical Temple
  5778 | D:5      | Entered Level 5 of the Dungeon
  5873 | D:5      | Found Coagyotaet's Book Boutique.
  5887 | D:5      | Learned a level 5 spell: Lightning Bolt
  5914 | D:5      | Reached skill level 1 in Fighting
  6111 | D:5      | Reached skill level 5 in Spellcasting
  6183 | D:5      | Found Zalucrio's Armour Emporium.
  6190 | D:5      | Bought a +2 cloak for 198 gold pieces
  6398 | D:5      | Found a blossoming altar of Fedhas.
  6451 | D:5      | Reached skill level 1 in Short Blades
  6519 | D:5      | Found Nuv Vasi's Armour Emporium.
  6532 | D:5      | Noticed Edmund
  6557 | D:5      | Killed Edmund
  6557 | D:5      | Reached XP level 8. HP: 31/43 MP: 0/15
  6728 | D:5      | Found Sidghidun's Assorted Antiques.
  6731 | D:5      | Bought a bubbling brown potion for 19 gold pieces
  6731 | D:5      | Bought a silvery potion for 19 gold pieces
  6939 | D:6      | Reached skill level 1 in Armour
  6939 | D:6      | Reached skill level 6 in Air Magic
  8458 | D:6      | Found a shadowy altar of Dithmenos.
  8470 | D:6      | Reached XP level 9. HP: 47/47 MP: 11/18
  8491 | D:6      | Found a deep blue altar of Sif Muna.
  8497 | D:6      | Found a basalt altar of Yredelemnul.
  8671 | D:2      | Became a worshipper of Vehumet
  8757 | D:7      | Found an iron altar of Okawaru.
  8769 | D:7      | Reached skill level 7 in Air Magic
  9684 | D:7      | Found a runed translucent door.
  9684 | D:7      | Found a shimmering altar of Xom.
  9684 | D:7      | Noticed arkorax's ghost (novice HOWn)
  9685 | D:7      | Noticed a +2 spear of chaos
 10094 | D:8      | Reached * piety under Vehumet
 10094 | D:8      | Offered knowledge of Freeze by Vehumet.
 10098 | D:8      | Reached skill level 1 in Shields
 10098 | D:8      | Reached skill level 8 in Air Magic
 10454 | D:8      | Noticed Maurice
 10714 | D:8      | Noticed Pikel
 10722 | D:8      | Killed Pikel
 10722 | D:8      | Reached XP level 10. HP: 31/52 MP: 0/21
 10907 | D:8      | Found a hazy altar of Hepliaklqana.
 10908 | D:8      | Noticed Joseph
 10940 | D:8      | Killed Joseph
 10940 | D:8      | Reached skill level 5 in Conjurations
 10940 | D:8      | Reached skill level 9 in Air Magic
 11256 | D:8      | Killed Maurice
 11921 | D:8      | Reached ** piety under Vehumet
 12006 | D:9      | Offered knowledge of Sting by Vehumet.
 12477 | D:9      | Found a sacrificial altar of Ru.
 12657 | D:9      | Reached skill level 10 in Air Magic
 12692 | D:9      | Reached XP level 11. HP: 55/57 MP: 23/23
 12707 | D:9      | Offered knowledge of Stone Arrow by Vehumet.
 12823 | D:9      | Reached skill level 5 in Dodging
 12947 | D:9      | Reached *** piety under Vehumet
 13052 | D:9      | Found a staircase to the Orcish Mines.
 13331 | D:10     | Entered Level 10 of the Dungeon
 13638 | D:10     | Offered knowledge of Olgreb's Toxic Radiance by Vehumet.
 13897 | D:10     | Found a staircase to the Lair.
 13939 | D:10     | Noticed Josephine
 13950 | D:10     | Killed Josephine
 13956 | D:10     | Reached skill level 11 in Air Magic
 13969 | D:10     | HP: 2/57 [wraith[Josephine] (8)]
 14306 | D:10     | Noticed a death yak
 14673 | D:10     | Reached **** piety under Vehumet
 14880 | D:10     | Noticed a death yak
 14880 | D:10     | Noticed a death yak
 14904 | D:9      | Killed a death yak
 15956 | D:11     | Killed an unseen horror
 15956 | D:11     | Reached XP level 12. HP: 57/62 MP: 22/25
 15978 | D:11     | Offered knowledge of Throw Icicle by Vehumet.
 16165 | D:11     | Noticed Nergalle
 16169 | D:11     | Killed Nergalle
 16599 | D:11     | Reached skill level 12 in Air Magic
 16757 | Lair:1   | Entered Level 1 of the Lair of Beasts
 16763 | Lair:1   | Reached skill level 10 in Spellcasting
 16766 | Lair:1   | Noticed a four-headed hydra
 16838 | Lair:1   | Killed a four-headed hydra
 16838 | Lair:1   | Reached skill level 5 in Stealth
 17222 | D:10     | Killed a death yak
 17225 | D:10     | Killed a death yak
 17377 | D:10     | Killed an unseen horror
 18443 | Lair:2   | Reached skill level 13 in Air Magic
 18477 | Lair:2   | Reached XP level 13. HP: 68/68 MP: 14/27
 18719 | Lair:2   | Got an iridescent dagger
 18720 | Lair:2   | Identified the cursed +1 dagger "Woshram" {flame, Int+7}
                  | (You found it on level 2 of the Lair of Beasts)
 19345 | Lair:2   | Noticed a six-headed hydra
 19350 | Lair:2   | Killed a six-headed hydra
 19857 | Lair:3   | Found a hole to the Spider Nest.
 19859 | Lair:3   | Reached ***** piety under Vehumet
 19862 | Lair:3   | Offered knowledge of Sticky Flame by Vehumet.
 20452 | Lair:2   | Got an amethyst-encrusted chain mail
 20509 | Lair:3   | Noticed an eight-headed hydra
 20513 | Lair:3   | Killed an eight-headed hydra
 20956 | Lair:3   | Noticed a four-headed hydra
 20961 | Lair:3   | Killed a four-headed hydra
 20961 | Lair:3   | Reached skill level 14 in Air Magic
 21257 | Lair:3   | Found a staircase to the Shoals.
 21532 | Lair:4   | Noticed a five-headed hydra
 21541 | Lair:4   | Killed a five-headed hydra
 21851 | Lair:4   | Noticed a five-headed hydra
 21856 | Lair:4   | Killed a five-headed hydra
 22419 | Lair:4   | Got a crude flail
 22426 | Lair:4   | Identified the +8 flail of Gaolob {venom, MR- Int+6} (You
                  | found it on level 4 of the Lair of Beasts)
 22907 | Lair:4   | Identified the +0 chain mail "Tash" {MP+9} (You found it on
                  | level 2 of the Lair of Beasts)
 22959 | Lair:5   | Reached XP level 14. HP: 60/72 MP: 29/30
 23576 | Lair:5   | Reached skill level 15 in Air Magic
 23805 | Lair:5   | Reached skill level 5 in Short Blades
 24679 | Lair:5   | Offered knowledge of Poison Arrow by Vehumet.
 25651 | Lair:5   | Reached skill level 16 in Air Magic
 25905 | Lair:5   | Found a staircase to the Slime Pits.
 26504 | Lair:6   | Entered Level 6 of the Lair of Beasts
 26506 | Lair:6   | Noticed Sonja
 26638 | Lair:6   | Cast into level 1 of the Abyss (Sonja)
 26714 | Lair:6   | Escaped the Abyss
 27397 | Lair:6   | Killed Sonja
 27545 | Lair:6   | Reached XP level 15. HP: 65/78 MP: 10/31
 28622 | Lair:6   | Reached skill level 17 in Air Magic
 28772 | Lair:6   | Offered knowledge of Bolt of Fire by Vehumet.
 29822 | Lair:6   | Learned a level 6 spell: Bolt of Fire
 30094 | Orc:1    | Entered Level 1 of the Orcish Mines
 30094 | Orc:1    | Noticed an orc warlord
 30476 | Orc:1    | Killed an orc warlord
 30732 | Orc:1    | Found a roughly hewn altar of Beogh.
 30758 | Orc:1    | You fall through a shaft!
 30758 | Orc:2    | Entered Level 2 of the Orcish Mines
 31666 | Orc:2    | Noticed Erolcha
 31671 | Orc:2    | Killed Erolcha
 32997 | Orc:2    | Found a staircase to the Elven Halls.
 33627 | Orc:2    | Reached skill level 10 in Conjurations
 33846 | Orc:2    | Reached skill level 18 in Air Magic
 34092 | Orc:2    | Reached ****** piety under Vehumet
 34314 | Orc:2    | Found Osuamoth's Food Boutique.
 34314 | Orc:2    | Found Qeitodu's General Store.
 34316 | Orc:2    | Found Acovi's Distillery.
 34316 | Orc:2    | Found Zutain's Gadget Shoppe.
 34327 | Orc:2    | Bought a scroll of teleportation for 39 gold pieces
 34330 | Orc:2    | Bought a potion of haste for 120 gold pieces
 34330 | Orc:2    | Bought a potion of magic for 96 gold pieces
 34330 | Orc:2    | Bought a potion of curing for 36 gold pieces
 34330 | Orc:2    | Bought a potion of haste for 120 gold pieces
 34330 | Orc:2    | Bought a potion of heal wounds for 60 gold pieces
 34330 | Orc:2    | Bought a potion of heal wounds for 60 gold pieces
 34330 | Orc:2    | Bought a potion of heal wounds for 60 gold pieces
 34330 | Orc:2    | Bought a potion of curing for 36 gold pieces
 34330 | Orc:2    | Bought a potion of curing for 36 gold pieces
 34330 | Orc:2    | Bought a potion of mutation for 96 gold pieces
 34938 | D:12     | Found a flagged portal.
 34961 | Bailey   | Entered a bailey
 35009 | Bailey   | Offered knowledge of Bolt of Draining by Vehumet.
 35092 | Bailey   | Learned a level 5 spell: Bolt of Draining
 35543 | Bailey   | Identified the +5 bardiche "Cacoa" {flame, Str+6}
 36106 | D:12     | Reached XP level 16. HP: 84/84 MP: 32/32
 36345 | D:13     | Found a gate to the Vaults.
 38464 | D:13     | Reached skill level 1 in Evocations
 38728 | D:13     | Offered knowledge of Freezing Cloud by Vehumet.
 38951 | D:13     | Found Dinailan's Book Shoppe.
 39008 | D:13     | Bought a book of Callings for 450 gold pieces
 39013 | D:13     | Learned a level 4 spell: Summon Lightning Spire
 39064 | D:13     | Reached skill level 19 in Air Magic
 39411 | D:13     | Identified a scroll of acquirement
 39414 | D:13     | Got a smelly ring mail
 39425 | D:13     | Identified the +4 ring mail of the Nexus {rPois Dex+7} (You
                  | acquired it on level 13 of the Dungeon)
 39523 | D:14     | Found an ornate altar of the Wu Jian Council.
 40565 | D:14     | You fall through a shaft!
 40565 | D:15     | Entered Level 15 of the Dungeon
 41638 | D:15     | Got a bloodstained cloak
 41651 | D:15     | Identified the +2 cloak "Cowkymp" {*Corrode rF+ rN+} (You
                  | found it on level 15 of the Dungeon)
 41882 | D:15     | HP: 2/84 [two-headed ogre/+0 giant club (12)]
 42465 | D:15     | Cast into level 3 of the Abyss (a wizard)
 42498 | Abyss:3  | Offered knowledge of Iron Shot by Vehumet.
 42543 | D:15     | Escaped the Abyss
 43147 | D:15     | Found a staircase to the Depths.
 43825 | Spider:1 | Entered Level 1 of the Spider Nest
 43859 | Spider:1 | Noticed Agnes
 43865 | Spider:1 | Killed Agnes
 43865 | Spider:1 | Reached XP level 17. HP: 60/88 MP: 6/29
 46142 | Spider:2 | Reached skill level 20 in Air Magic
 47243 | Spider:2 | Reached skill level 5 in Armour
 47987 | Spider:2 | Offered knowledge of Conjure Ball Lightning by Vehumet.
 47995 | Spider:2 | Learned a level 6 spell: Conjure Ball Lightning
 48916 | Shoals:1 | Entered Level 1 of the Shoals
 50135 | Shoals:1 | Got an encrusted short sword
 50136 | Shoals:1 | Identified the cursed +2 short sword of the Depths {pierce,
                  | rPois rN+ Str-5} (You found it on level 1 of the Shoals)
 50562 | Shoals:1 | Reached skill level 1 in Summonings
 50704 | Shoals:1 | Got a warped plate armour
 51707 | Shoals:2 | Reached skill level 21 in Air Magic
 52299 | Shoals:2 | Reached XP level 18. HP: 84/94 MP: 18/34
 52396 | Shoals:2 | Found an ancient bone altar of Kikubaaqudgha.
 53038 | Shoals:3 | Noticed a kraken
 54453 | Shoals:3 | Slain by a tentacle

Levels and vault maps discovered:
D:1:      evilmike_arrival_fibonacci_small, layout_loops_ring,
          kennysheep_nondescript, minmay_misc_feat_more_columns,
          chequers_serial_rivers_micro_e
D:2:      layout_loops_corners, nicolae_overflow_hidden_temple,
          ebering_dispersal_statue_hall, minmay_statues_item, st_stairs_8,
          corexii_item_surrounded_by_moat, xom_teletrap_fun, uniq_robin
D:3:      layout_rooms, corexii_shack, grunt_decor_clamped,
          minmay_misc_feat_nine_boxes, minivault_26, supply_closet_lemuel
D:4:      layout_loops_corners, minmay_temple_entry_fiery
D:5:      wander_river, layout_loops_ring, fedhas_ov_isle_minmay, serial_shops,
          shop, shop, shop, shop, first_ration, cheibrodos_gnoll_hut,
          uniq_edmund
D:6:      layout_basic, grunt_dithmenos_shadows, amethyst_overflow_temple_binary
D:7:      layout_basic, okawaru_humans, ebering_ghost_xom
D:8:      layout_gridville, lemuel_round_altar, uniq_pikel, uniq_maurice,
          uniq_joseph
D:9:      layout_loops_ring, hangedman_ru_absence, david_orc_4,
          hangedman_little_slice_of_home
D:10:     layout_irregular_city, dpeg_lair_monsters, uniq_josephine
D:11:     layout_rooms, kennysheep_generic_room_4, uniq_nergalle
D:12:     layout_loops_cross, enter_bailey_3
D:13:     minmay_imperfect_grid, layout_irregular_city,
          lightli_vaults_fourway_checkpoint, serial_shops, shop
D:14:     layout_cave_pods, basic_altar, minmay_strange_pillars
D:15:     grunt_enter_depths_magical_seal, layout_grid_maze
Temple:   nicolae_temple_no_exploring_needed
Lair:1:   layout_hall_layers, beast_lair_carwin_5
Lair:2:   layout_cave_shapes, beast_lair_carwin_6, lemuel_fruit_tree
Lair:3:   layout_small_grid, minmay_shoals_entry_centaurs, spider_nest_entry_a
Lair:4:   layout_cave_shapes, infiniplex_staircase_pool_2, lemuel_fruit_fields
Lair:5:   regret_index_wax_grids, layout_misc_corridors,
          minmay_slime_entry_pillars, st_stairs_3, cheibrodos_lair_lostbears
Lair:6:   minmay_lair_end_enchanted_forest, layout_misc_corridors,
          infiniplex_staircase_pool, uniq_sonja
Shoals:1: layout_shoals
Shoals:2: layout_shoals, lemuel_oklob_altar
Shoals:3: layout_shoals, kb_tengu_band
Spider:1: layout_spider_delve, uniq_agnes
Spider:2: layout_spider_delve, ebering_ghost_reflecting_pool,
          nicolae_spider_stair_cavern, nicolae_spider_cling_ruins, uniq_arachne
Orc:1:    layout_caves, basic_altar
Orc:2:    grunt_orc_tribal_feast, layout_caves, uniq_erolcha
Abyss:1:  bh_abyss_negative
Abyss:3:  nicolae_abyss_rune_star_stuff, hangedman_abyss_or_decor_stagger,
          hangedman_abyss_or_decor_slice
Bailey:   bailey_polearm_2, bailey

Skill      XL: |  1  2  3  4  5  6  7  8  9 10 11 12 13 14 15 16 17 18 |
---------------+-------------------------------------------------------+-----
Stealth        | 3 4 5 |  5.7
Air Magic      | 4 5 6 8 10 11 13 14 16 18 19 21 | 21.2
Spellcasting   | 3 4 5 6 7 8 9 10 12 | 12.0
Conjurations   | 2 3 4 5 6 7 8 9 10 11 12 | 12.0
Dodging        | 3 4 5 6 7 8 |  8.4
Fighting       | 1 2 3 4 |  4.0
Short Blades   | 1 2 3 4 5 |  5.4
Armour         | 2 3 4 5 |  5.4
Shields        | 1 2 3 4 |  4.7
Evocations     | 1 |  1.7
Summonings     | 1 |  1.1
Necromancy     | |  0.2

Action                   |  1- 3 |  4- 6 |  7- 9 | 10-12 | 13-15 | 16-18 || total
-------------------------+-------+-------+-------+-------+-------+-------++-------
Melee: Dagger            |    33 |    27 |    63 |       |   167 |   143 ||   433
       Short sword       |       |     3 |    37 |   161 |    15 |       ||   216
 Cast: Shock             |    70 |    86 |   224 |   323 |    42 |       ||   745
       Static Discharge  |       |     4 |    16 |    74 |    95 |    40 ||   229
       Airstrike         |       |       |     3 |    56 |   291 |   312 ||   662
       Lightning Bolt    |       |       |       |    48 |   334 |   307 ||   689
       Swiftness         |       |       |       |       |     2 |       ||     2
       Bolt of Draining  |       |       |       |       |     1 |    11 ||    12
       Summon Lightning  |       |       |       |       |       |    46 ||    46
Evoke: Wand              |       |       |     4 |     4 |       |    43 ||    51
       Sack of spiders   |       |       |       |       |       |     3 ||     3
  Use: Potion            |       |     1 |       |     7 |     2 |     3 ||    13
       Scroll            |       |       |    10 |    10 |    16 |    19 ||    55
 Stab: Sleeping          |       |     2 |       |     1 |       |     1 ||     4
       Paralysed         |       |       |       |     5 |       |     3 ||     8
       Distracted        |       |       |       |     1 |       |     1 ||     2
  Eat: Chunk             |    13 |     8 |    18 |    38 |    74 |    74 ||   225
Armor: Robe              |     5 |    15 |     2 |       |       |       ||    22
       Leather armour    |       |       |    60 |   140 |   182 |    45 ||   427
       Ring mail         |       |       |       |       |       |   248 ||   248
Dodge: Dodged            |    18 |    37 |   113 |   283 |   417 |   379 ||  1247
Block: Buckler           |     4 |    12 |    45 |    94 |    26 |       ||   181
       Shield            |       |       |       |       |   217 |   286 ||   503

Table legend:
 A = Non-vault XP
 B = Vault XP
 C = Vault XP percentage of total XP
 D = Non-vault monster count
 E = Vault monster count
 F = Vault count percentage of total count
                 A         B        C        D         E       F
            +---------+---------+-------+---------+---------+-------
      Total |  145249 |   69659 |  32.4 |     737 |     314 |  29.9
            +---------+---------+-------+---------+---------+-------
        D:1 |      17 |       0 |   0.0 |      11 |       0 |   0.0
        D:2 |      42 |      33 |  44.0 |      20 |      11 |  35.5
        D:3 |     408 |       2 |   0.5 |      30 |       1 |   3.2
        D:4 |      91 |       0 |   0.0 |       7 |       0 |   0.0
        D:5 |     272 |     255 |  48.4 |       9 |       4 |  30.8
        D:6 |     775 |     116 |  13.0 |      22 |       1 |   4.3
        D:7 |     807 |     398 |  33.0 |      24 |       2 |   7.7
        D:8 |    1509 |    1656 |  52.3 |      41 |       3 |   6.8
        D:9 |    2416 |    1783 |  42.5 |      33 |      27 |  45.0
       D:10 |    3184 |    4587 |  59.0 |      37 |      17 |  31.5
       D:11 |    2400 |     785 |  24.6 |      26 |       1 |   3.7
       D:12 |    4806 |    3175 |  39.8 |      24 |       9 |  27.3
       D:13 |    4155 |   12514 |  75.1 |      14 |      38 |  73.1
       D:14 |    9865 |     915 |   8.5 |      38 |       1 |   2.6
       D:15 |    5411 |    4026 |  42.7 |      21 |       8 |  27.6
     Lair:1 |    5184 |    1119 |  17.8 |      23 |       7 |  23.3
     Lair:2 |    4244 |    2250 |  34.6 |      19 |       8 |  29.6
     Lair:3 |   10811 |     954 |   8.1 |      32 |       6 |  15.8
     Lair:4 |    6995 |     952 |  12.0 |      20 |       7 |  25.9
     Lair:5 |   11389 |   10208 |  47.3 |      40 |      54 |  57.4
     Lair:6 |    8856 |    8885 |  50.1 |      37 |      47 |  56.0
   Shoals:1 |   12829 |       0 |   0.0 |      31 |       0 |   0.0
   Shoals:2 |    9907 |     565 |   5.4 |      21 |       1 |   4.5
   Shoals:3 |    5391 |    1213 |  18.4 |      16 |       2 |  11.1
   Spider:1 |    6482 |    2092 |  24.4 |      15 |       1 |   6.2
   Spider:2 |   19690 |       0 |   0.0 |      67 |       0 |   0.0
      Orc:1 |    3617 |       0 |   0.0 |      30 |       0 |   0.0
      Orc:2 |    2950 |    8758 |  74.8 |      27 |      31 |  53.4
    Abyss:1 |     404 |       0 |   0.0 |       1 |       0 |   0.0
    Abyss:3 |     342 |     313 |  47.8 |       1 |       1 |  50.0
     Bailey |       0 |    2105 | 100.0 |       0 |      26 | 100.0
            +---------+---------+-------+---------+---------+-------
